Map: Breakwater LE

Players

Ekelpack

  • Race: Zerg Zerg
  • Spawn Location: 1:00

Nyck

  • Race: Terran Terran
  • Spawn Location: 1:00

AngelMstitel

  • Race: Terran Terran
  • Spawn Location: 7:00

ALEXANDR

  • Race: Protoss Protoss
  • League: Diamond
  • Spawn Location: 7:00

VOD

Have the link to the VOD?

Description

Time

  • Played on: March 26, 2025, 2:33 p.m.
  • Length: 14:26
Show
View Real Time Build Order
Export as new Build Order

Ekelpack Zerg 

Build Orders: Hatch First 

Get SALT Encoding   

  12  0:00  Drone  
  13  0:13  Overlord  
  13  0:18  Drone  
  14  0:31  Drone x2  
  16  0:35  Drone  
  17  0:53  Hatchery  
  17  0:54  Drone  
  17  0:59  Extractor  
  17  1:04  Drone  
  17  1:14  Spawning Pool  
  16  1:20  Drone  
  16  1:21  Drone  
  18  1:35  Drone  
  19  1:41  Drone  
  20  1:50  Overlord  
  20  2:02  Queen  
  20  2:05  Queen  
  20  2:07  Drone  
  25  2:18  Drone x3  
  28  2:23  Drone  
  28  2:28  Drone, Extractor  
  29  2:33  Drone  
  30  2:38  Lair  
  30  2:42  Drone  
  31  2:48  Drone x2  
  33  2:56  Extractor  
  32  3:01  Drone  
  32  3:03  Overlord  
  33  3:07  Metabolic Boost  
  33  3:15  Spine Crawler  
  33  3:17  Drone x2  
  33  3:18  Drone x2  
  36  3:21  Drone x3  
  39  3:27  Drone  
  39  3:28  Zergling x4  
  39  3:32  Extractor  
  41  3:39  Spire  
  41  3:41  Overlord  
  40  3:43  Drone  
  40  3:48  Drone x2  
  43  3:49  Drone  
  44  4:00  Drone  
  45  4:05  Zergling x6  
  45  4:06  Zergling x4  
  49  4:24  Drone  
  49  4:28  Zergling x2  
  51  4:46  Overlord x3  
  51  4:49  Overlord  
  51  4:52  Zerg Flyer Weapons Level 1  
  51  5:06  Mutalisk x2  
  51  5:07  Mutalisk x4  
  63  5:14  Mutalisk x3  
  66  5:44  Mutalisk x2  
  66  5:45  Mutalisk x2  
  74  5:52  Hatchery  
  74  5:54  Infestation Pit  
  72  6:21  Roach Warren  
  71  6:29  Queen  
  71  6:30  Overlord x3  
  73  6:34  Hive  
  57  7:08  Hydralisk Den  
  54  7:14  Drone  
  54  7:15  Drone x6  
  59  7:16  Drone x5  
  66  7:31  Roach x5  
  66  7:32  Roach x3  
  72  7:45  Hydralisk  
  72  7:46  Hydralisk x2  
  72  7:50  Queen  
  78  7:52  Hydralisk  
  78  7:53  Hydralisk x4  
  79  8:15  Overlord x4  
  62  8:39  Hydralisk x2  
  62  8:40  Hydralisk x7  
  62  8:41  Hydralisk x2  
  74  8:47  Spore Crawler  
  74  8:48  Spore Crawler  
  72  8:50  Spore Crawler  
  72  8:51  Spore Crawler  
  72  8:55  Spore Crawler  
  69  8:56  Spore Crawler, Hydralisk x4  
  66  9:28  Drone x5  
  66  9:29  Drone x3  
  74  9:41  Spore Crawler  
  74  9:42  Drone, Spore Crawler  
  74  9:45  Drone x3  
  76  9:50  Drone x3  
  79  9:59  Drone x3  
  82  10:01  Drone  
  82  10:07  Extractor  
  82  10:11  Grooved Spines  
  82  10:14  Drone  
  82  10:17  Drone  
  82  10:18  Drone  
  82  10:21  Extractor  
  84  10:25  Drone  
  85  10:33  Drone x4  
  89  10:38  Evolution Chamber  
  89  10:39  Evolution Chamber  
  85  10:48  Roach x7  
  85  10:49  Roach x2  
  103  11:03  Muscular Augments  
  103  11:07  Glial Reconstitution  
  103  11:09  Zerg Ground Armor Level 1, Zerg Missile Weapons Level 1  
  103  11:10  Overlord  
  103  11:11  Overlord  
  103  11:13  Drone x2  
  105  11:25  Overlord  
  105  11:28  Queen  
  107  11:33  Drone  
  107  11:34  Drone  
  107  11:36  Overlord  
  109  11:46  Hydralisk x7  
  109  11:47  Hydralisk  
  123  12:32  Hydralisk x4, Roach x3  
  123  12:34  Overlord x3  
  123  12:35  Overlord  
  137  12:51  Ultralisk Cavern  
  116  13:10  Roach x3  
  116  13:11  Roach x6  
  116  13:12  Roach x5  
  144  13:22  Unknown  
  144  13:26  Overlord  
  144  13:27  Overlord  
  86  13:56  Hydralisk x6  
  86  13:57  Hydralisk x4  
Show
View Real Time Build Order
Export as new Build Order

Nyck Terran 

Build Orders:  

Get SALT Encoding   

  12  0:00  SCV  
  13  0:12  SCV  
  14  0:17  Supply Depot  
  14  0:24  SCV  
  15  0:39  SCV  
  16  0:44  Barracks  
  16  0:52  SCV, Refinery  
  17  1:04  SCV  
  18  1:16  SCV  
  19  1:29  SCV  
  20  1:42  Reaper  
  20  1:44  Orbital Command  
  20  1:46  Command Center  
  21  2:05  Refinery  
  21  2:06  Supply Depot  
  21  2:18  SCV  
  22  2:32  SCV  
  22  2:34  Barracks Tech Lab  
  23  2:54  Marauder  
  24  3:06  SCV  
  24  3:10  Concussive Shells  
  25  3:13  Orbital Command  
  25  3:17  Marauder  
  25  3:18  SCV  
  28  3:22  Barracks  
  28  3:25  Barracks  
  28  3:28  Barracks  
  28  3:30  SCV  
  29  3:40  Marauder  
  31  3:43  SCV  
  32  3:49  SCV  
  33  3:57  SCV  
  34  4:05  Engineering Bay  
  34  4:14  Marauder  
  35  4:31  Barracks Reactor x2  
  35  4:32  Barracks Reactor  
  35  4:37  SCV x2  
  39  4:38  Marauder  
  39  4:49  SCV x2, Missile Turret  
  39  4:52  Combat Shield  
  41  4:55  Terran Infantry Weapons Level 1  
  41  5:00  Factory  
  42  5:07  SCV x2, Engineering Bay  
  42  5:08  Marine x3  
  42  5:11  Missile Turret  
  46  5:18  Refinery  
  46  5:19  Refinery  
  46  5:36  Terran Infantry Armor Level 1  
  46  5:40  Supply Depot  
  46  5:46  Starport  
  46  5:47  SCV x2, Marine x4, Marauder, Factory Reactor  
  54  6:01  Marine x2  
  54  6:02  SCV x2  
  54  6:03  Supply Depot  
  58  6:04  Marine  
  58  6:08  Marine x3  
  62  6:11  Stimpack  
  62  6:24  Marine x3  
  62  6:25  SCV x2, Marauder  
  69  6:26  Supply Depot  
  69  6:30  Supply Depot  
  69  6:43  Armory  
  69  6:48  Medivac x2  
  69  6:50  Marine  
  69  6:51  Marine x4  
  69  6:52  Marine x2  
  80  7:08  SCV x2  
  82  7:09  Marine x2  
  82  7:10  Marine  
  82  7:12  Marine  
  86  7:19  Missile Turret  
  86  7:32  Medivac x2  
  79  7:40  Missile Turret  
  69  7:56  Command Center  
  58  8:25  Marine x2  
  58  8:26  Marine x5  
  64  8:28  Medivac x2  
  64  8:30  SCV x2  
  71  8:42  SCV  
  71  8:44  Terran Infantry Weapons Level 2  
  71  8:45  Terran Infantry Armor Level 2  
  68  9:05  SCV x2  
  68  9:06  Marine x5  
  68  9:07  Marine x2  
  77  9:19  Orbital Command  
  77  9:25  Medivac x2  
  81  9:33  SCV x2  
  81  9:34  Marine  
  81  9:35  Marine x4  
  81  9:36  Marine  
  89  9:39  Marine  
  90  9:50  Refinery  
  90  9:52  Marine  
  91  10:04  Marine x3  
  91  10:05  Marine x3  
  97  10:11  SCV  
  97  10:12  SCV, Marine  
  100  10:21  Supply Depot, Medivac x2  
  100  10:25  Marine  
  100  10:27  Marine  
  106  10:29  Marine  
  106  10:32  Marine  
  106  10:34  Marine  
  109  10:43  Supply Depot  
  79  11:20  Marine x7  
  73  11:37  Marine  
  73  11:38  Marine x6  
  48  11:55  Marine  
  48  11:56  Marine x6  
  55  12:13  Marine  
  55  12:14  Marine x5  
  61  12:18  SCV  
  61  12:19  Orbital Command, SCV  
  61  12:20  Marine  
  64  12:31  SCV  
  64  12:32  SCV  
  64  12:33  Marine x5  
  64  12:34  Marine  
  72  12:38  Medivac x2  
  76  12:57  Marine x3  
  76  12:58  Marine x2, Command Center  
  81  13:10  Marine x2  
  81  13:12  Medivac x2  
  87  13:15  SCV x2  
  87  13:18  Marine  
  87  13:19  Marine  
  91  13:30  SCV x2  
  93  13:44  Marine  
  93  13:45  Marine x6  
  88  14:02  Marine  
  81  14:03  Marine x3  
  81  14:08  Marine  
Show
View Real Time Build Order
Export as new Build Order

AngelMstitel Terran 

Build Orders: 2 Factory 

Get SALT Encoding   

  12  0:02  SCV  
  13  0:14  SCV  
  14  0:25  Supply Depot  
  14  0:26  SCV  
  15  0:30  Refinery  
  15  0:42  Supply Depot  
  15  0:50  Barracks  
  15  0:55  SCV  
  16  1:07  Supply Depot  
  16  1:09  SCV  
  17  1:21  SCV  
  18  1:33  SCV  
  18  1:35  Refinery  
  19  1:43  Factory  
  19  1:45  SCV  
  20  1:57  Orbital Command  
  20  2:03  Barracks Tech Lab  
  20  2:19  Factory  
  20  2:39  Hellion  
  20  2:40  Infernal Pre-Igniter  
  20  2:43  SCV  
  23  2:55  SCV  
  24  3:07  SCV  
  24  3:08  Hellion  
  24  3:10  Factory Tech Lab  
  24  3:11  Factory Reactor  
  27  3:14  Factory  
  27  3:19  SCV  
  28  3:32  Command Center  
  28  4:33  Factory Tech Lab  
  28  4:34  Cyclone  
  28  4:38  Mag-Field Accelerator  
  31  4:47  Hellion x2  
  35  4:55  Engineering Bay  
  35  5:02  Cyclone  
  35  5:06  Cyclone  
  41  5:08  Hellion  
  41  5:09  Hellion  
  45  5:35  Cyclone  
  48  5:38  Cyclone  
  48  5:40  Orbital Command  
  51  6:07  Cyclone  
  54  6:17  SCV x2, Cyclone  
  59  6:26  Supply Depot  
  59  6:29  SCV x2  
  61  6:33  Missile Turret  
  61  6:41  SCV  
  62  6:49  Supply Depot  
  62  6:52  Missile Turret  
  62  7:12  Missile Turret  
  62  7:13  Supply Depot  
  56  8:23  Hellion x3  
  56  8:24  Hellion  
  64  8:30  Missile Turret  
  64  8:32  Missile Turret  
  64  8:33  SCV x2, Missile Turret x3  
  66  8:43  Hi-Sec Auto Tracking  
  66  8:44  Hellion  
  66  8:45  SCV x2, Hellion x3  
  76  8:52  Missile Turret  
  76  8:53  Refinery  
  76  8:54  Refinery  
  76  8:55  Missile Turret  
  76  8:57  SCV x2  
  78  9:09  SCV x2  
  80  9:21  SCV  
  81  9:26  Siege Tank x2  
  87  9:33  SCV x2  
  89  9:40  Neosteel Armor  
  89  9:45  SCV x2  
  90  9:50  Command Center  
  91  9:57  SCV  
  92  10:08  Supply Depot x2  
  92  10:25  Siege Tank x2  
  98  10:32  Supply Depot x2  
  98  10:50  Armory  
  98  10:52  Armory  
  98  10:57  Supply Depot x2, Siege Tank x2  
  89  11:29  Siege Tank x2  
  95  12:18  Terran Vehicle And Ship Armor Level 1, Terran Vehicle Weapons Level 1  
  95  12:34  Refinery  
  95  12:37  Refinery  
  95  12:40  Cyclone  
  95  12:41  Cyclone  
  95  12:43  Hellion x2  
  105  12:47  Command Center  
  96  13:04  Hellion x2  
  83  13:10  Planetary Fortress  
  83  13:13  Cyclone x2  
  89  13:25  Hellion  
  89  13:26  Hellion  
  93  13:45  Cyclone x2  
  93  13:47  Hellion x2  
Show
View Real Time Build Order
Export as new Build Order

ALEXANDR Protoss 

Build Orders: 1 Gate Expand, Oracle Opening, Carriers 

Get SALT Encoding   

  12  0:00  Probe  
  13  0:12  Probe  
  14  0:17  Pylon  
  14  0:24  Probe  
  15  0:35  Probe  
  15  0:41  Gateway  
  16  0:43  Probe  
  17  0:51  Probe  
  17  0:56  Assimilator  
  18  1:03  Probe  
  19  1:15  Probe  
  20  1:26  Nexus  
  20  1:28  Probe  
  21  1:40  Probe  
  21  1:43  Cybernetics Core  
  21  1:45  Assimilator  
  22  1:52  Probe  
  23  1:54  Pylon  
  23  2:12  Probe  
  24  2:19  Adept  
  26  2:24  Probe  
  27  2:32  Stargate  
  27  2:36  Probe x2  
  28  2:44  Probe  
  29  2:48  Probe  
  30  3:00  Probe  
  30  3:04  Probe  
  31  3:12  Probe x2  
  33  3:13  Assimilator  
  33  3:15  Forge  
  33  3:17  Assimilator  
  34  3:20  Probe  
  34  3:22  Oracle  
  34  3:25  Probe  
  39  3:32  Probe  
  40  3:34  Protoss Air Weapons Level 1  
  40  3:37  Probe  
  40  3:40  Probe  
  41  3:48  Probe  
  42  3:49  Probe  
  44  4:01  Probe  
  45  4:04  Probe  
  45  4:07  Pylon  
  46  4:12  Photon Cannon  
  46  4:18  Pylon  
  46  4:21  Photon Cannon  
  46  4:25  Oracle, Probe x2  
  51  4:39  Probe x2  
  51  4:40  Stargate  
  51  4:41  Stargate  
  51  4:47  Photon Cannon  
  51  4:49  Shield Battery  
  51  4:51  Probe x2  
  53  5:04  Shield Battery, Phoenix  
  54  5:23  Probe x2  
  54  5:24  Phoenix x2  
  60  5:29  Phoenix  
  60  5:33  Protoss Air Armor Level 1  
  62  5:46  Nexus  
  62  5:47  Pylon x2  
  62  5:50  Pylon  
  62  6:05  Probe x2, Phoenix x3  
  62  6:10  Photon Cannon  
  70  6:16  Fleet Beacon  
  70  6:17  Probe  
  71  6:21  Probe  
  72  6:28  Phoenix x2  
  72  6:29  Probe  
  72  6:30  Phoenix  
  79  6:34  Probe  
  80  6:41  Probe, Photon Cannon  
  80  6:44  Shield Battery  
  80  6:46  Probe  
  82  6:53  Probe  
  83  6:58  Probe  
  84  7:02  Carrier  
  84  7:05  Probe  
  84  7:06  Probe  
  92  7:08  Assimilator  
  92  7:10  Assimilator  
  92  7:11  Probe  
  92  7:12  Pylon  
  93  7:28  Carrier  
  99  7:30  Carrier  
  103  8:07  Carrier  
  105  9:11  Nexus, Pylon  
  105  9:17  Pylon  
  105  9:18  Pylon  
  105  9:20  Pylon  
  105  9:23  Carrier x2  
  105  9:25  Protoss Air Weapons Level 2, Pylon  
  105  9:27  Anion Pulse-Crystals, Carrier  
  117  9:34  Pylon  
  117  9:35  Probe  
  124  9:47  Photon Cannon  
  124  9:49  Photon Cannon  
  124  9:51  Photon Cannon  
  124  9:52  Photon Cannon  
  124  9:54  Pylon  
  124  9:56  Photon Cannon  
  124  9:57  Pylon, Photon Cannon  
  124  9:59  Photon Cannon  
  124  10:00  Pylon  
  124  10:01  Photon Cannon  
  124  10:03  Photon Cannon  
  124  10:05  Shield Battery  
  124  10:06  Shield Battery  
  124  10:07  Protoss Shields Level 1  
  124  10:08  Shield Battery  
  124  10:11  Pylon  
  124  10:24  Carrier  
  124  10:27  Stargate  
  131  10:28  Assimilator, Probe x3, Stargate  
  131  10:29  Assimilator  
  131  10:30  Stargate  
  131  10:35  Shield Battery  
  133  10:38  Shield Battery, Probe  
  133  10:39  Photon Cannon  
  133  10:40  Probe  
  133  10:41  Photon Cannon  
  133  10:42  Pylon  
  135  11:10  Carrier x2  
  129  11:28  Carrier  
  135  11:47  Carrier x2  
  141  12:14  Carrier  
  147  12:17  Carrier x2  
  159  12:23  Nexus  
  159  12:24  Pylon  
  159  12:31  Mothership  
  167  12:54  Photon Cannon  
  167  12:55  Photon Cannon  
  167  12:57  Photon Cannon  
  167  12:59  Photon Cannon  
  167  13:00  Photon Cannon  
  167  13:02  Pylon  
  167  13:03  Carrier  
  167  13:04  Pylon  
  173  13:05  Shield Battery  
  173  13:08  Shield Battery  
  173  13:09  Shield Battery  
  173  13:13  Photon Cannon  
  173  13:16  Pylon  
  173  13:18  Photon Cannon  
  173  13:19  Shield Battery  
  173  13:20  Shield Battery  
  194  14:10  Photon Cannon x2  
  194  14:11  Photon Cannon x2  
Tags
 
Add a new tag
Caveats
  • Supply blocks, unpowered buildings, or Contaminate may cause inaccurate times.
  • Supply counts are checked every 10 seconds.